Map: Ascension to Aiur LE

Players

Nerchio

  • Race: Zerg Zerg
  • Spawn Location: 5:00

Rogue - Winner!

  • Race: Zerg Zerg
  • Spawn Location: 11:00

Event: 2017 WCS Global Finals

VOD

Have the link to the VOD?

Description

Time

  • Played on: Oct. 27, 2017, 5:52 p.m.
  • Length: 4:02

All games in this series

Show
View Real Time Build Order
Export as new Build Order

Nerchio Zerg 

Build Orders: Hatch First 

Get SALT Encoding   

  12  0:00  Drone  
  13  0:12  Overlord  
  13  0:17  Drone  
  14  0:30  Drone x2  
  14  0:34  Drone  
  17  0:51  Hatchery  
  17  0:55  Drone  
  17  0:58  Drone  
  18  1:09  Extractor  
  17  1:12  Spawning Pool  
  17  1:16  Drone  
  17  1:19  Drone  
  18  1:28  Drone  
  19  1:38  Overlord  
  19  1:49  Drone  
  20  1:58  Queen  
  20  2:00  Zergling x2  
  23  2:03  Queen, Zergling x2  
  23  2:08  Metabolic Boost  
  26  2:10  Drone  
  26  2:14  Drone  
  28  2:23  Drone  
  28  2:25  Drone  
  30  2:36  Spine Crawler  
  30  2:37  Baneling Nest  
  28  2:39  Zergling x2  
  28  2:40  Zergling x2  
  29  2:45  Zergling x2  
  29  2:47  Zergling x2  
  31  2:53  Zergling x2  
  31  2:58  Zergling x2  
  25  3:07  Queen, Zergling x2  
  25  3:09  Zergling x2  
  27  3:20  Baneling x2  
  27  3:21  Zergling x2  
  27  3:22  Zergling x2  
  27  3:26  Zergling x2  
  30  3:29  Zergling x2  
  30  3:34  Baneling  
  28  3:37  Zergling x2  
  16  3:43  Zergling x2  
Show
View Real Time Build Order
Export as new Build Order

Rogue Zerg - Winner!

Build Orders: 1 Base Baneling Bust, Pool Only, Zergling Baneling 

Get SALT Encoding   

  12  0:00  Drone  
  13  0:15  Extractor  
  12  0:24  Spawning Pool  
  12  0:27  Drone  
  12  0:32  Drone  
  13  0:36  Drone  
  14  0:49  Overlord  
  14  1:10  Queen  
  16  1:11  Zergling x2  
  16  1:16  Metabolic Boost  
  17  1:21  Zergling x2  
  17  1:25  Zergling x2  
  19  1:29  Zergling x2  
  20  1:34  Zergling x2  
  21  1:42  Baneling Nest  
  20  1:52  Overlord  
  20  1:57  Zergling x2  
  21  2:05  Zergling x2  
  22  2:18  Zergling x8  
  26  2:30  Zergling x2  
  26  2:31  Baneling  
  26  2:32  Baneling  
  28  2:44  Zergling x2  
  28  2:56  Zergling x6  
  28  2:58  Baneling x2  
  28  3:01  Zergling x2  
  27  3:11  Zergling x2  
  27  3:12  Baneling x2  
  28  3:13  Baneling  
  28  3:21  Zergling x2  
  29  3:27  Zergling x2  
  29  3:34  Zergling x2  
  29  3:40  Baneling x2  
  28  3:42  Zergling x2  
  28  3:43  Zergling x2  
Tags
 
Add a new tag
Caveats
  • Supply blocks, unpowered buildings, or Contaminate may cause inaccurate times.
  • Supply counts are checked every 10 seconds.